 Dungeon Crawl Stone Soup version 0.32-a0-391-gce5c0aab1b (webtiles) character file.

Game seed: 13884151028316328485

1034 n00bmints the Cudgeller (level 8, -1/61 HPs)
             Began as a Demonspawn Berserker on Feb 19, 2024.
             Was a Believer of Trog.
             Slain by an ufetubus (3 damage)
             ... on level 6 of the Dungeon.
             The game lasted 00:14:47 (4258 turns).

n00bmints the Cudgeller (Demonspawn Berserker)      Turns: 4258, Time: 00:14:47

Health: -1/61      AC:  2    Str: 19    XL:     8   Next: 3%
Magic:  8/8        EV:  9    Int:  7    God:    Trog [**....]
Gold:   362        SH:  0    Dex: 14    Spells: 7/7 levels left

rFire   + . .        a - +0 mace
rCold   . . .        (no shield)
rNeg    + . .        b - +1 chain mail
rPois   .            (no helmet)
rElec   .            (no cloak)
rCorr   .            (no gloves)
SInv    .            (no boots)
Will    ++...        (no amulet) Stlth
                     h - ring of protection from fire
HPRegen 2.30/turn    v - ring of positive energy
MPRegen 0.11/turn

%: no passive effects
@: marked, strong-willed, corroded, regenerating
A: hooves 1, foul stench 3, powered by death 1
a: Renounce Religion, Berserk, Trog's Hand


You were on level 6 of the Dungeon.
You worshipped Trog.
Trog was pleased with you.
You visited 1 branch of the dungeon, and saw 6 of its levels.

You collected 362 gold pieces.

Inventory:

Hand Weapons
 a - a +0 mace (weapon)
Armour
 b - a +1 chain mail (worn)
Jewellery
 h - a ring of protection from fire (left hand)
 v - a ring of positive energy (right hand)
Wands
 s - a wand of flame (16)
Scrolls
 d - 3 scrolls of identify {unknown}
 e - 3 scrolls of revelation {unknown}
 f - a scroll of fear {unknown}
 g - a scroll of poison {unknown}
 i - 3 scrolls of amnesia {unknown}
 j - a scroll of summoning {unknown}
 k - 3 scrolls of enchant armour
 l - 2 scrolls of immolation {unknown}
 p - a scroll of vulnerability {unknown}
 q - 4 scrolls of teleportation {unknown}
 r - 4 scrolls of enchant weapon {unknown}
Potions
 c - a potion of heal wounds {unknown}
 m - a potion of resistance {unknown}
 n - a potion of degeneration {unknown}
 o - a potion of berserk rage {unknown}
 t - 3 potions of curing {unknown}
 u - a potion of lignification {unknown}


   Skills:
 + Level 4.6 Fighting
 + Level 6.0 Maces & Flails
 + Level 5.1 Armour
 + Level 3.2 Dodging
 + Level 0.4 Stealth


You had 7 spell levels left.
You didn't know any spells.
Your spell library was empty.

Dungeon Overview and Level Annotations

Branches:
Dungeon (6/15)             Temple (0/1) D:4

Altars:
Hepliaklqana
Kikubaaqudgha
Uskayaw


Innate Abilities, Weirdness & Mutations

You have large cloven feet.
You frequently emit foul miasma when damaged in melee.
You regenerate a little health from kills.


Message History

You kill the jelly!
Trog accepts your kill.
v - a ring of positive energy (right hand)
The ufetubus closely misses you. x2; The orc is engulfed in dark miasma.
The orc is poisoned.
You kill the orc!
Trog accepts your kill. The ufetubus hits you.
* * * LOW HITPOINT WARNING * * *
The ufetubus barely misses you. The ufetubus hits you.
* * * LOW HITPOINT WARNING * * *
The ufetubus hits you.
* * * LOW HITPOINT WARNING * * *
The ufetubus hits you.
* * * LOW HITPOINT WARNING * * *
The ufetubus barely misses you.
The hound stops to sniff the ground.
The ufetubus closely misses you.
The ufetubus hits you but does no damage.
The ufetubus slips past you! The ufetubus hits you.
* * * LOW HITPOINT WARNING * * *
The ufetubus hits you but does no damage.
You closely miss the ufetubus. Your kick misses the ufetubus.
The ufetubus hits you.
* * * LOW HITPOINT WARNING * * *
The ufetubus hits you but does no damage.
The ufetubus barely misses you. The ufetubus closely misses you.
A white imp comes into view.
The ufetubus hits you.
* * * LOW HITPOINT WARNING * * *
The ufetubus hits you.
* * * LOW HITPOINT WARNING * * *
You hit the ufetubus but do no damage. Your kick misses the ufetubus.
The ufetubus hits you.
* * * LOW HITPOINT WARNING * * *
The ufetubus hits you.
* * * LOW HITPOINT WARNING * * *
The ufetubus barely misses you. The ufetubus completely misses you.
The ufetubus hits you.
You die...

##############
........#....#
........#....#
........#..$.#
#....l5h..#
##..>.#o○☼.#
+.....#....#
#....<##.5.#
##..oo##@..#
#....##5..#
.......#....#
.........#....#
.........+....#
.........#....#
.........#....#
.........#....#


You could see an iguana, a hound (very poisoned), a white imp, 2 ufetubi and an
orc.

Vanquished Creatures
  2 ogres (D:5)
  A scorpion (D:4)
  A killer bee (D:5)
  2 bombardier beetles
  The ghost of zenocrate the Sneak, a weakling VSDe (D:5)
  4 hounds
  3 jellies
  2 orc wizards
  3 iguanas (D:5)
  A gnoll (D:4)
  10 adders
  A white imp (D:5)
  2 ufetubi (D:5)
  4 dart slugs
  3 ribbon worms
  12 orcs
  5 ball pythons
  4 endoplasms
  7 giant cockroaches
  6 hobgoblins
  12 jackals
  5 quokkas
  4 bats
  4 frilled lizards
  9 goblins
  6 kobolds
  6 rats
120 creatures vanquished.

Notes
Turn   | Place    | Note
-------+----------+-------------------------------------------
     0 | D:1      | n00bmints the Demonspawn Berserker began the quest for the
                  | Orb.
     0 | D:1      | Reached XP level 1. HP: 18/18 MP: 1/1
   155 | D:1      | Gained mutation: You may rarely emit foul miasma when
                  | damaged in melee. [demonic ancestry]
   155 | D:1      | Reached XP level 2. HP: 24/24 MP: 2/2
   168 | D:1      | Reached skill level 3 in Maces & Flails
   320 | D:1      | Reached XP level 3. HP: 19/29 MP: 3/3
   606 | D:1      | Reached ** piety under Trog
  1071 | D:2      | Gained mutation: You have large cloven feet. [demonic
                  | ancestry]
  1071 | D:2      | Reached XP level 4. HP: 30/35 MP: 4/4
  1244 | D:2      | Identified the +3 sling "n00bmints's Curse" {heavy, rPois
                  | Will+ Int-3}
  1247 | D:2      | Reached skill level 4 in Maces & Flails
  1382 | D:2      | Gained mutation: You sometimes emit foul miasma when
                  | damaged in melee. [demonic ancestry]
  1382 | D:2      | Reached XP level 5. HP: 42/42 MP: 5/5
  1782 | D:3      | Found an ancient bone altar of Kikubaaqudgha.
  2307 | D:4      | Gained mutation: You regenerate a little health from kills.
                  | [demonic ancestry]
  2307 | D:4      | Reached XP level 6. HP: 48/48 MP: 6/6
  2360 | D:4      | Found a staircase to the Ecumenical Temple.
  2582 | D:4      | Reached skill level 5 in Maces & Flails
  2600 | D:4      | Reached *** piety under Trog
  2914 | D:4      | Found a hazy altar of Hepliaklqana.
  2930 | D:4      | Found a hide-covered altar of Uskayaw.
  3017 | D:5      | Entered Level 5 of the Dungeon
  3123 | D:5      | Found a transporter.
  3198 | D:5      | Reached XP level 7. HP: 54/54 MP: 7/7
  3290 | D:5      | Noticed zenocrate's ghost (weakling VSDe)
  3796 | D:5      | Found a transporter.
  3988 | D:5      | Killed zenocrate's ghost
  3997 | D:5      | Reached skill level 6 in Maces & Flails
  4250 | D:6      | Reached skill level 5 in Armour
  4250 | D:6      | Gained mutation: You frequently emit foul miasma when
                  | damaged in melee. [demonic ancestry]
  4250 | D:6      | Reached XP level 8. HP: 32/61 MP: 8/8
  4258 | D:6      | HP: 2/61 [ufetubus (4)]
  4258 | D:6      | Slain by an ufetubus

Illustrated notes

Levels and vault maps discovered:
D:1:      dpeg_arrival_ternary, layout_basic
D:2:      layout_basic, minmay_pentomino_t4
D:3:      layout_rooms, kiku_gazebo_garden_becter, minmay_gold_behind_fungi
D:4:      minmay_wonky_spiral, layout_rooms, mainiacjoe_overflow_big_doors,
          minmay_temple_entry_arrows, dreamdust_mushroom_princess,
          minmay_circle_x
D:5:      layout_basic, gammafunk_ghost_arena, dk_noncrumbling_3
D:6:      layout_gridville, mainiacjoe_ossuary_entry_dusty_tomb

Skill      XL: |  1  2  3  4  5  6  7 |
---------------+----------------------+-----
Maces & Flails | 3 4 5 6 |  6.0
Dodging        | 2 3 |  3.2
Armour         | 2 3 5 |  5.1
Fighting       | 4 |  4.6
Stealth        | |  0.4

Action                     |  1- 3 |  4- 6 |  7- 9 || total
---------------------------+-------+-------+-------++-------
  Melee: Mace              |    93 |   233 |    83 ||   409
         Kick              |       |    42 |    28 ||    70
 Invoke: Trog's Hand       |       |     6 |     6 ||    12
         Berserk           |       |     1 |     2 ||     3
    Use: Scroll            |       |     1 |       ||     1
 Armour: Animal skin       |    29 |       |       ||    29
         Leather armour    |    29 |    37 |       ||    66
         Skin              |     1 |       |       ||     1
         Ring mail         |       |    51 |       ||    51
         Chain mail        |       |   146 |   115 ||   261
  Dodge: Dodged            |    63 |   186 |    53 ||   302

Table legend: (Time is in decaauts)
 A = Elapsed time spent in this place.
 B = Non-inter-level travel time spent in this place.
 C = Inter-level travel time spent in this place.
 D = Time resting spent in this place.
 E = Time spent auto-exploring this place.
 F = Levels seen in this place.
 G = Mean time per level.
                   A        B        C        D        E       F      G
               +--------+--------+--------+--------+--------+-----+--------+
         Total |   4347 |   3996 |    351 |      0 |   2662 |   6 |  724.5 |
       Dungeon |   4347 |   3996 |    351 |      0 |   2662 |   6 |  724.5 |
               +--------+--------+--------+--------+--------+-----+--------+

Top non-repeatable levels by time:
     D:5: 1222 daAuts
     D:1: 949 daAuts
     D:4: 727 daAuts
     D:3: 712 daAuts
     D:2: 696 daAuts
     D:6: 39 daAuts
